Description

Time Attack with Dark Templar

Replay - G1 - Oxide LE

Build Order

Get SALT Encoding   

  12  0:00  Probe  
  13  0:12  Probe  
  14  0:19  Pylon  
  14  0:24  Probe  
  15  0:37  Probe (Chrono Boost), Gateway  
  16  0:47  Probe x2 (Chrono Boost)  
  16  0:49  Assimilator  
  18  1:03  Probe  
  19  1:15  Probe  
  20  1:24  Cybernetics Core  
  20  1:33  Nexus  
  20  1:41  Pylon  
  20  1:44  Probe  
  21  1:50  Assimilator  
  21  1:56  Probe  
  21  1:58  Adept (Chrono Boost)  
  24  2:02  Warp Gate  
  25  2:21  Twilight Council  
  26  2:25  Adept  
  29  2:50  Robotics Facility  
  34  3:10  Dark Shrine  
  36  3:19  Gateway  
  38  3:28  Gateway  
  38  3:37  Warp Prism (Chrono Boost)  
  41  3:50  Stalker  
  41  3:52  Pylon  
  41  3:54  Assimilator x2  
  45  4:07  Pylon  
  49  4:25  Dark Templar x3  
  56  4:32  Pylon  
  57  4:49  Dark Templar  
  57  4:51  Immortal (Chrono Boost)  
  63  5:00  Dark Templar  
  54  5:09  Zealot  
  46  5:25  Dark Templar  
  52  5:46  Observer  
  52  5:47  Nexus  
  54  5:54  Dark Templar x2  
Spawning Tool Build Advisor. Get it on Overwolf

Go to:

Details

  • Created by: DakkoN
  • Published on: Jan 24, 2021
  • Modified on: Jan 24, 2021
  • Patch: 4.11.0
  • Difficulty: Medium
Show
View Real Time Build Order
Export as new Build Order

Comments (0)

There are no comments. Be the first!

Create an account to comment!